 Dungeon Crawl Stone Soup version 0.25-a0-589-g1e14c549ee (webtiles) character file.

Game seed: 1636772171266250590, levelgen mode: deterministic

43 Eurus the Gusty (level 3, 0/24 HPs)
             Began as a Demonspawn Air Elementalist on Mar 12, 2020.
             Succumbed to an adder's poison
             ... on level 2 of the Dungeon.
             The game lasted 00:03:57 (1195 turns).

Eurus the Gusty (Demonspawn Air Elementalist)       Turns: 1195, Time: 00:03:57

Health: 0/24       AC:  3    Str:  8    XL:     3   Next: 37%
Magic:  6/6        EV: 12    Int: 17    God:
Gold:   16         SH:  0    Dex: 13    Spells: 2/6 levels left

rFire    . . .     SeeInvis .   i - +0 dagger
rCold    . . .     Gourm    .   (no shield)
rNeg     . . .     Faith    .   a - +0 robe
rPois    .         Spirit   .   (no helmet)
rElec    .         Reflect  .   (no cloak)
rCorr    .         Harm     .   (no gloves)
MR       .....                  d - +0 pair of boots
Stlth    ++........             (no amulet)
HPRegen  0.08/turn              (no ring)
MPRegen  0.10/turn              (no ring)

@: lethally poisoned (0 -> -2), stab
A: powered by death 1, rot immunity
a: no special abilities


You were on level 2 of the Dungeon.
You were not hungry.

You visited 1 branch of the dungeon, and saw 2 of its levels.

You collected 16 gold pieces.

Inventory:

Hand Weapons
 i - a +0 dagger (weapon)
Armour
 a - a +0 robe (worn)
 d - a +0 pair of boots (worn)
Scrolls
 b - a scroll of fear {unknown}
 e - a scroll of fog {unknown}
 g - a scroll of amnesia {unknown}
 j - a scroll of magic mapping {unknown}
Potions
 h - 2 potions of stabbing
Comestibles
 c - a ration


   Skills:
 - Level 2.0 Dodging
 - Level 1.9 Stealth
 + Level 2.4 Spellcasting
 + Level 1.3 Conjurations
 * Level 3.4 Air Magic


You had 2 spell levels left.
You knew the following spells:

 Your Spells              Type           Power        Failure   Level  Hunger
a - Shock                 Conj/Air       ##..         7%          1    #......
b - Static Discharge      Conj/Air       ##......     21%         3    ###....

Your spell library contained the following spells:

 Spells                   Type           Power        Failure   Level  Hunger
 Swiftness                Chrm/Air       #.......     14%         2    ##.....
 Airstrike                Air            ##........   41%         4    #####..
 Lightning Bolt           Conj/Air       ##........   88%         5    ######.


Dungeon Overview and Level Annotations

Branches:
Dungeon (2/15)

Altars:


Innate Abilities, Weirdness & Mutations

You regenerate a little health from kills.
You are immune to rotting.


Message History

* * * LOW HITPOINT WARNING * * *
You feel sick.
You see here a scroll labeled KIESIT ENISK.
j - a scroll labeled KIESIT ENISK All of the chunks of flesh in your inventory have rotted away.
* * * LOW HITPOINT WARNING * * *
You feel sick.
You see here a cloak.
* * * LOW HITPOINT WARNING * * *
You feel sick.
Things that are here:
6 gold pieces; 20 stones
* * * LOW HITPOINT WARNING * * *
You feel sick.
Things that are here:
6 gold pieces; 20 stones You now have 16 gold pieces (gained 6).
* * * LOW HITPOINT WARNING * * *
You feel sick.
You die...

..........# ........?#
####.........
#.....>......
##.###........
###..(.[.(......
#...............
###########...............
#.........@.####.###......
#..........###............
#................##.......
#...........##.........(..
#.................##....(.
#.....<.....##....# ###.
#...........##....#
............###....#
...########## ######


There were no monsters in sight!

Vanquished Creatures
  An adder (D:2)
  A gnoll (D:1)
  An ooze (D:1)
  A giant cockroach (D:1)
  2 goblins (D:1)
  2 hobgoblins (D:1)
  2 jackals (D:1)
  5 bats (D:1)
  A frilled lizard (D:1)
  3 kobolds (D:1)
  3 rats (D:1)
22 creatures vanquished.

Notes
Turn   | Place    | Note
-------+----------+-------------------------------------------
     0 | D:1      | Eurus the Demonspawn Air Elementalist began the quest for
                  | the Orb.
     0 | D:1      | Reached XP level 1. HP: 13/13 MP: 3/3
   326 | D:1      | Reached skill level 3 in Air Magic
   326 | D:1      | Gained mutation: You are immune to rotting. [demonic
                  | ancestry]
   326 | D:1      | Reached XP level 2. HP: 10/19 MP: 0/5
   820 | D:1      | Gained mutation: You regenerate a little health from kills.
                  | [demonic ancestry]
   820 | D:1      | Reached XP level 3. HP: 22/24 MP: 1/6
  1136 | D:1      | Learned a level 3 spell: Static Discharge
  1191 | D:2      | HP: 1/24 [poisoned by an adder]
  1195 | D:2      | Succumbed to an adder's poison

Levels and vault maps discovered:
D:1:      dpeg_arrival_erosion, layout_loops_cross
D:2:      layout_rooms, gammafunk_temple_overflow_pools,
          nicolae_overflow_crystal_walls, minmay_tetromino_o4

Skill      XL: |  1  2  3 |
---------------+----------+-----
Air Magic      | 3 |  3.4
Dodging        | 2 |  2.0
Stealth        | |  1.9
Spellcasting   | |  2.4
Conjurations   | |  1.3

Action                   || total
-------------------------++-------
Melee: Club              ||     5
       Unarmed           ||     1
       Dagger            ||    10
 Cast: Shock             ||    38
  Use: Potion            ||     2
 Stab: Sleeping          ||     1
  Eat: Chunk             ||     1
Armor: Robe              ||     6
Dodge: Dodged            ||    21

Table legend:
 A = Non-vault XP
 B = Vault XP
 C = Vault XP percentage of total XP
 D = Non-vault monster count
 E = Vault monster count
 F = Vault count percentage of total count
                 A         B        C        D         E       F
            +---------+---------+-------+---------+---------+-------
      Total |      62 |       0 |   0.0 |      22 |       0 |   0.0
            +---------+---------+-------+---------+---------+-------
        D:1 |      48 |       0 |   0.0 |      21 |       0 |   0.0
        D:2 |      14 |       0 |   0.0 |       1 |       0 |   0.0
            +---------+---------+-------+---------+---------+-------
